 Dungeon Crawl Stone Soup version 0.19-a0-1384-gbb462ca (webtiles) character file.

182 jacquesderrida the Caller (level 5, -6/35 HPs)
             Began as a Demonspawn Summoner on Sept 3, 2016.
             Killed by divine providence
             ... invoked by an orc priest
              (10 damage)
             ... on level 4 of the Dungeon.
             The game lasted 00:05:45 (583 turns).

jacquesderrida the Caller (Demonspawn Summoner)      Turns: 583, Time: 00:05:46

Health: -6/35      AC: 10    Str:  9    XL:     5   Next: 35%
Magic:  0/8        EV: 12    Int: 19    God:
Gold:   38         SH:  0    Dex: 14    Spells: 3 memorised, 2 levels left

rFire  . . .     SeeInvis .     a - +0 dagger (venom)
rCold  . . .     Gourm    .     k - +0 robe
rNeg   . . .     Faith    .     (no shield)
rPois  .         Spirit   .     (helmet restricted)
rElec  .         Dismiss  .     d - +1 cloak
rCorr  .         Reflect  .     (no gloves)
MR     .....     Harm     .     (no boots)
Stlth  ++........               (no amulet)
                                (no ring)
                                e - +3 ring of intelligence

@: sanguine armour
A: antennae 1, demonic guardian 1, sanguine armour 1
a: no special abilities


You were on level 4 of the Dungeon.
You were not hungry.

You visited 1 branch of the dungeon, and saw 4 of its levels.

You collected 38 gold pieces.

Inventory:

Hand Weapons
 a - a +0 dagger of venom (weapon)
 g - a +0 hunting sling
Missiles
 h - 15 stones (quivered)
Armour
 d - a +1 cloak (worn)
 k - a +0 robe (worn)
Jewellery
 e - a +3 ring of intelligence (left hand)
Books
 b - a book of Callings

   Spells                             Type                      Level
   a - Summon Small Mammal            Summoning                    1
   b - Call Imp                       Summoning                    2
   c - Call Canine Familiar           Summoning                    3
   d - Summon Guardian Golem          Hexes/Summoning              3
   e - Summon Lightning Spire         Summoning/Air                4
   f - Summon Ice Beast               Ice/Summoning                4
Comestibles
 c - a bread ration
 l - 3 chunks of flesh


   Skills:
 - Level 1.7 Dodging
 - Level 1.7 Stealth
 + Level 2.4 Spellcasting
 + Level 6.4 Summonings


You had 2 spell levels left.
You knew the following spells:

 Your Spells              Type           Power        Failure   Level  Hunger
a - Summon Small Mammal   Summ           ####         1%          1    #......
b - Call Imp              Summ           ####....     1%          2    ##.....
c - Call Canine Familiar  Summ           ####....     3%          3    ###....


Dungeon Overview and Level Annotations

Branches:
Dungeon (4/15)
 Temple: D:4-7

Altars:


Innate Abilities, Weirdness & Mutations

You have a pair of small antennae on your head.
A weak demonic guardian rushes to your aid.
When seriously injured, your bleeding wounds create armour. (AC +6)


Message History

An orc priest opens the door.
There is an open door here.
You close the door.
As you read the scroll labeled ZIFO CUHUGIA, it crumbles to dust.
You hear a loud clanging noise!
It was a scroll of noise.
You hear a shout! x2
As you read the scroll labeled DUUZUJ ZUIR, it crumbles to dust.
It is a scroll of identify.
You don't have any unidentified items.
Something unseen opens the door.
Casting: Call Canine Familiar
Confirm with . or Enter, or press ? or * to list all spells.
Something disappears in a puff of smoke!
Casting: Call Canine Familiar
Confirm with . or Enter, or press ? or * to list all spells.
A shadowy apparition takes form in the air.
The orc priest calls down the wrath of Beogh upon you.
Beogh smites you!
You die...

#........#.....§§§§#
#........#.....§§§§#
#........#.....o...#
#........#..######+#
#....#####o##
+....#......#
#....#..o)..# ###
..#....##.###+# ..#
....#....@#.## ..#
....#...5.#..# ..#
...#.....'..# ..#
...#....h#o.# . # ####
#..#.....####...
####..###..#####........
...........#...'........
...........#...#........
#########..##..#........


You could see an orc priest, a friendly hound and a friendly shadow imp.

Vanquished Creatures
  A big kobold (D:4)
  A giant frog (D:4)
  A crimson imp (D:4)
  An adder (D:3)
  A giant gecko (D:4)
  An orc (D:3)
  A giant cockroach (D:1)
  2 goblins (D:3)
  A jackal (D:4)
  A bat (D:2)
  A rat (D:3)
12 creatures vanquished.

Vanquished Creatures (collateral kills)
  An ogre (D:4)
  An orc priest (D:4)
  2 worms
  An orc (D:4)
  A ball python (D:1)
  A jackal (D:4)
  A bat (D:1)
  A kobold (D:1)
9 creatures vanquished.

Grand Total: 21 creatures vanquished

Notes
Turn   | Place    | Note
-------+----------+-------------------------------------------
     0 | D:1      | jacquesderrida the Demonspawn Summoner began the quest for the Orb.
     0 | D:1      | Reached XP level 1. HP: 13/13 MP: 3/3
   166 | D:3      | Gained mutation: When seriously injured, your bleeding wounds create armour. (AC +6) [demonic ancestry]
   166 | D:3      | Reached XP level 2. HP: 19/19 MP: 5/5
   200 | D:3      | Learned a level 2 spell: Call Imp
   395 | D:4      | Noticed a giant frog
   415 | D:4      | Killed a giant frog
   415 | D:4      | Reached skill level 5 in Summonings
   415 | D:4      | Reached XP level 3. HP: 16/24 MP: 0/6
   460 | D:4      | Noticed a big kobold
   469 | D:4      | Killed a big kobold
   469 | D:4      | Gained mutation: You have a pair of small antennae on your head. [demonic ancestry]
   469 | D:4      | Reached XP level 4. HP: 26/30 MP: 1/7
   502 | D:4      | Reached skill level 6 in Summonings
   507 | D:4      | Learned a level 3 spell: Call Canine Familiar
   528 | D:4      | Gained mutation: A weak demonic guardian rushes to your aid. [demonic ancestry]
   528 | D:4      | Reached XP level 5. HP: 19/35 MP: 4/8
   529 | D:4      | Noticed an ogre
   542 | D:4      | Killed an ogre
   559 | D:4      | HP: 1/35 [orc priest/divine providence (9)]
   583 | D:4      | Killed from afar by an orc priest

Vault maps used:
D:1:      eino_arrival_tree_alley
D:2:      minmay_roachtagon, uniq_robin, uniq_sigmund
D:3:      eino_tiny_chamber

Skill      XL: |  1  2  3  4 |
---------------+-------------+-----
Summonings     | 5 6 |  6.4
Dodging        | |  1.7
Stealth        | |  1.7
Spellcasting   | |  2.4

Action                   |  1- 3 |  4- 6 || total
-------------------------+-------+-------++-------
Melee: Hand axe          |     8 |       ||     8
       Dagger            |    13 |    12 ||    25
 Fire: Hunting sling     |     6 |       ||     6
 Cast: Summon Small Mamm |     9 |       ||     9
       Call Imp          |     7 |     2 ||     9
       Call Canine Famil |       |     3 ||     3
  Use: Scroll            |       |     4 ||     4
 Stab: Sleeping          |     1 |       ||     1
       Distracted        |     1 |       ||     1
Armor: Robe              |     4 |     4 ||     8
Dodge: Dodged            |    22 |    11 ||    33
